 Dungeon Crawl Stone Soup version 0.32-a0-938-g40ac7a0f4d (webtiles) character file.

Game seed: 11474752076326765116

1932 KennySheep the Chiller (level 8, -2/44 HPs)
             Began as a Deep Elf Wanderer on Apr 16, 2024.
             Was a Follower of Yredelemnul.
             Slain by a yak (6 damage)
             ... on level 6 of the Dungeon.
             The game lasted 00:32:44 (5586 turns).

KennySheep the Chiller (Deep Elf Wanderer)          Turns: 5586, Time: 00:32:45

Health: -2/44      AC:  3    Str:  7    XL:     8   Next: 97%
Magic:  7/20       EV: 16    Int: 24    God:    Yredelemnul [*.....]
Gold:   152        SH:  0    Dex: 12    Spells: 12/20 levels left

rFire   . . .        i - +1 whip (elec)
rCold   . . .        (no shield)
rNeg    . . .        c - +0 robe
rPois   .            y - +0 helmet
rElec   .            (no cloak)
rCorr   .            (no gloves)
SInv    .            (no boots)
Will    .....        (no amulet)
Stlth   +++          t - ring of flight
HPRegen 0.27/turn    A - +5 ring of evasion
MPRegen 0.17/turn

%: no passive effects
@: flying, wreathed by umbra
A: no striking features
a: Renounce Religion, Light the Black Torch, Recall Undead Harvest


You were on level 6 of the Dungeon.
You worshipped Yredelemnul.
Yredelemnul was noncommittal.
You visited 1 branch of the dungeon, and saw 6 of its levels.
You also visited: Ossuary.

You collected 286 gold pieces.
You spent 134 gold pieces at shops.

Inventory:

Hand Weapons
 a - a +0 dagger
 i - a +1 whip of electrocution (weapon)
Missiles
 m - a throwing net
Armour
 c - a +0 robe (worn)
 y - a +0 helmet (worn)
Jewellery
 t - a ring of flight (left hand)
 A - a +5 ring of evasion (right hand)
Wands
 d - a wand of flame (5)
 g - a wand of acid (13)
Scrolls
 b - 3 scrolls of fog
 h - a scroll of silence
 j - a scroll of identify
 o - 3 scrolls of teleportation
 p - a scroll of immolation
 q - 2 scrolls of poison
 u - a scroll of torment
Potions
 e - a potion of resistance
 f - 4 potions of attraction
 k - a potion of mutation {unknown}
 l - a potion of might {unknown}
 n - a potion of curing
 r - 2 potions of magic {unknown}
 s - 2 potions of degeneration
 v - a potion of berserk rage {unknown}
 w - a potion of ambrosia
 x - a potion of haste
 z - a potion of lignification
 B - a potion of brilliance {unknown}
 C - a potion of enlightenment {unknown}


   Skills:
 + Level 2.0 Fighting
 + Level 3.0 Dodging
 + Level 3.2 Stealth
 + Level 6.8 Spellcasting
 - Level 5.5 Hexes
 + Level 6.8 Summonings
 + Level 2.1 Translocations
 + Level 7.8 Ice Magic
 - Level 1.4 Evocations


You had 12 spell levels left.
You knew the following spells:

 Your Spells              Type           Power      Damage    Failure   Level
a - Freeze                Ice            100%       1d10      1%          1
b - Summon Ice Beast      Ice/Summ       43%        N/A       1%          3
c - Blink                 Tloc           36%        N/A       4%          2
d - Momentum Strike       Conj/Tloc      26%        3d8       7%          2

Your spell library contained the following spells:

 Spells                   Type           Power      Damage    Failure   Level
 Slow                     Hex            100%       N/A       1%          1
 Jinxbite                 Hex            68%        N/A       1%          2
 Confusing Touch          Hex            34%        N/A       2%          3
 Sigil of Binding         Hex            34%        N/A       2%          3
 Apportation              Tloc           36%        N/A       3%          1
 Lesser Beckoning         Tloc           36%        N/A       4%          2
 Maxwell's Portable Pile  Tloc           18%        2d(7-19)  9%          3
 Teleport Other           Tloc           18%        N/A       9%          3
 Alistair's Intoxication  Alch           5%         N/A       90%         5


Dungeon Overview and Level Annotations

Branches:
Dungeon (6/15)             Temple (0/1) D:6         Ossuary (visited)

Altars:
Ashenzari
Nemelex Xobeh
Sif Muna
Yredelemnul

Shops:
D:5 *

Annotations:
D:5 1 runed translucent door, Gazog's ghost, novice GnBr


Message History

Aiming: Freeze (safe; 1% risk of failure)
Press: ? - help, Shift-Dir - straight line, f/p - yak
Aim: a yak (almost dead, umbra)
You freeze the yak.
You kill the yak!
Their soul becomes fuel for the torch.
The dead are walking!
The yak closely misses you. The yak gores you but does no damage.
You feel your dexterity returning.
Your Fighting skill increases to level 2!
Your Dodging skill increases to level 3!
Casting: Freeze (safe; 1% risk of failure)
Confirm with . or Enter, or press ? or * to list all spells.
Aiming: Freeze (safe; 1% risk of failure)
Press: ? - help, Shift-Dir - straight line, f - yak
Aim: a yak (umbra)
You freeze the yak.
The yak is lightly wounded.
The yak gores you! x2; The yak closely misses you.
Casting: Freeze (safe; 1% risk of failure)
Confirm with . or Enter, or press ? or * to list all spells.
Aiming: Freeze (safe; 1% risk of failure)
Press: ? - help, Shift-Dir - straight line, f/p - yak
Aim: a yak (lightly wounded, umbra)
You freeze the yak!
The yak is moderately wounded.
The yak misses you. The yak completely misses you.
The wight completely misses you. The yak misses you.
Casting: Freeze (safe; 1% risk of failure)
Confirm with . or Enter, or press ? or * to list all spells.
Aiming: Freeze (safe; 1% risk of failure)
Press: ? - help, Shift-Dir - straight line, f/p - yak
Aim: a yak (moderately wounded, umbra)
You freeze the yak.
The yak is heavily wounded.
Your yak zombie gores the yak.
The yak gores you!
* * * LOW HITPOINT WARNING * * *
The yak completely misses you. The wight misses you. The yak gores you.
You die...
Your body rises from the dead as a mindless zombie.

*,,,,,****** #.#
*,,,,**#...## #.#
*,,,*##.....## #.#
*,,,*#.......# #.#
*,,,*#..#.#..# #.#
*,,,*#.......# #.#
*****#Yz._...# #.#
#zYz....# #.#
#@Y#.#..# #.#
#.YZ....# #.#
**##.....## #.#
*,*##...## #.# *,*
#...# #.# *,* #...#
#.#
#.###.###########.#
#....).Z..........##
##########..........


You could see 4 yaks, 3 wights and a friendly yak zombie.

Vanquished Creatures
  A yak (D:6)
  A sky beast (D:6)
  An ogre (D:6)
  A phantom (D:3)
  2 scorpions
  A bullfrog (D:6)
  2 wights (Ossuary)
  A burial acolyte (Ossuary)
  3 jellies
  A centaur skeleton (Ossuary)
  2 hounds (D:4)
  An orc priest (D:5)
  An iguana (D:5)
  2 orc wizards (D:5)
  5 adders
  2 ribbon worms
  A dart slug (D:3)
  12 orcs
  4 endoplasms
  2 giant cockroaches
  9 hobgoblins
  5 jackals (D:1)
  5 kobolds
  4 quokkas
  12 ball pythons
  A ball python skeleton (Ossuary)
  3 bats
  3 frilled lizards
  3 goblins
  A kobold skeleton (Ossuary)
  2 orc skeletons (Ossuary)
  6 rats
100 creatures vanquished.

Vanquished Creatures (collateral kills)
  A yak (D:6)
  A water moccasin (D:5)
  A scorpion (D:4)
  2 wights (Ossuary)
  A howler monkey (D:6)
  2 bombardier beetles (D:5)
  A hound (D:4)
  2 jellies
  2 orc priests (D:6)
  An iguana (D:5)
  An orc wizard (D:4)
  A gnoll (D:5)
  2 adders (D:6)
  An adder skeleton (Ossuary)
  A ribbon worm (D:3)
  18 orcs
  A ball python skeleton (Ossuary)
  A hobgoblin skeleton (Ossuary)
  A rat (D:3)
41 creatures vanquished.

Vanquished Creatures (others)
  A scorpion zombie (D:4)
  A howler monkey zombie (D:6)
  A human zombie (Ossuary)
  A ribbon worm zombie (D:3)
  A jelly zombie (D:4)
  2 adder zombies
  A ball python zombie (D:3)
  A frilled lizard zombie (D:2)
  8 orc zombies
17 creatures vanquished.

Grand Total: 158 creatures vanquished

Notes
Turn   | Place    | Note
-------+----------+-------------------------------------------
     0 | D:1      | KennySheep the Deep Elf Wanderer began the quest for the
                  | Orb.
     0 | D:1      | KennySheep set off with the following items: a +0 dagger, a
                  | scroll of fog, a +0 robe, a wand of flame (5); and the
                  | following spells available to memorise: Slow, Freeze,
                  | Confusing Touch, Sigil of Binding, Summon Ice Beast.
     0 | D:1      | Reached XP level 1. HP: 10/10 MP: 6/6
     2 | D:1      | Learned a level 1 spell: Freeze
   147 | D:1      | Reached XP level 2. HP: 15/15 MP: 5/8
   467 | D:1      | Reached skill level 1 in Summonings
   886 | D:1      | Reached XP level 3. HP: 18/19 MP: 6/9
   936 | D:2      | Learned a level 3 spell: Summon Ice Beast
  1222 | D:2      | Reached skill level 4 in Ice Magic
  1260 | D:2      | Found a faded altar of an unknown god.
  1294 | D:2      | Prayed at the altar of an unknown god.
  1294 | D:2      | Became a worshipper of Yredelemnul the Fallen
  1294 | D:2      | Reached * piety under Yredelemnul
  1671 | D:3      | Reached XP level 4. HP: 19/24 MP: 8/11
  1957 | D:3      | Noticed a phantom
  1999 | D:3      | Killed a phantom
  2000 | D:3      | Reached XP level 5. HP: 16/28 MP: 9/13
  2081 | D:3      | Reached skill level 5 in Ice Magic
  2474 | D:4      | Reached XP level 6. HP: 17/32 MP: 9/14
  2980 | D:4      | Reached skill level 5 in Spellcasting
  2980 | D:4      | Reached skill level 6 in Ice Magic
  3230 | D:4      | Reached XP level 7. HP: 32/36 MP: 13/16
  3353 | D:5      | Entered Level 5 of the Dungeon
  3364 | D:5      | Reached skill level 5 in Summonings
  3792 | D:5      | Found a runed translucent door.
  3799 | D:5      | Reached skill level 7 in Ice Magic
  3837 | D:5      | Noticed Gazog's ghost (novice GnBr)
  3868 | D:5      | Found Gugucareok's Assorted Antiques.
  3877 | D:5      | Bought an amethyst potion for 15 gold pieces
  3877 | D:5      | Bought a large opal ring for 85 gold pieces
  3877 | D:5      | Bought a scroll of identify for 34 gold pieces
  3957 | D:5      | Learned a level 2 spell: Blink
  4003 | D:5      | Found a sparkling altar of Nemelex Xobeh.
  4013 | D:5      | Learned a level 2 spell: Momentum Strike
  4211 | D:5      | Found a broken altar of Ashenzari.
  4215 | D:5      | Saw a vision of the Swamp and the Snake Pit.
  4215 | D:5      | Noticed a mana viper
  4215 | D:5      | Noticed a spriggan druid
  4215 | D:5      | Noticed a spriggan druid
  4215 | D:5      | Noticed a goliath frog
  4215 | D:5      | Noticed a tyrant leech
  4216 | D:5      | Noticed an anaconda
  4217 | D:5      | Noticed a salamander
  4217 | D:5      | Noticed an eleionoma
  4332 | D:6      | Found a sand-covered staircase.
  4355 | Ossuary  | Entered an ossuary
  4414 | Ossuary  | Reached XP level 8. HP: 41/41 MP: 12/18
  4568 | Ossuary  | Reached skill level 1 in Stealth
  4683 | Ossuary  | Reached skill level 1 in Dodging
  4808 | Ossuary  | Reached skill level 1 in Fighting
  5333 | D:6      | Reached skill level 1 in Translocations
  5569 | D:6      | Found a shimmering blue altar of Sif Muna.
  5586 | D:6      | Slain by a yak

Illustrated notes

Levels and vault maps discovered:
D:1:      saegor_arrival_simple_b, layout_loops_cross, st_stairs_1
D:2:      wander_river, layout_rooms, ebering_ecumenical_altar_ruins
D:3:      layout_rooms, chequers_arboretum
D:4:      layout_cave_pools
D:5:      layout_basic, grunt_ashenzari_visionary
          [grunt_ashenzari_visionary_swamp, grunt_ashenzari_visionary_snake],
          old_standard_altar, ebering_ghost_sewer_d, serial_shops,
          nicolae_lakefront_shop, st_stairs_2
D:6:      layout_basic, hellmonk_sif_muna_bookshelves,
          minmay_temple_entry_from_below_a,
          lightli_ossuary_entry_decrepit_ruins, uniq_crazy_yiuf_cottage

Skill      XL: |  1  2  3  4  5  6  7  8 |
---------------+-------------------------+-----
Summonings     | 1 2 3 4 6 |  6.8
Ice Magic      | 4 5 6 7 |  7.8
Spellcasting   | 4 5 6 |  6.8
Stealth        | 3 |  3.2
Dodging        | 3 |  3.0
Fighting       | 2 |  2.0
Translocations | 2 |  2.1
Hexes          | |  5.5
Evocations     | |  1.4

Action                     |  1- 3 |  4- 6 |  7- 9 || total
---------------------------+-------+-------+-------++-------
  Melee: Whip              |       |    12 |    19 ||    31
   Cast: Freeze            |    71 |    63 |    53 ||   187
         Summon Ice Beast  |       |     2 |    13 ||    15
         Momentum Strike   |       |       |    12 ||    12
         Blink             |       |       |     1 ||     1
 Invoke: Light the Black T |       |     1 |     2 ||     3
    Use: Scroll            |       |     5 |     4 ||     9
         Potion            |       |     2 |     8 ||    10
 Armour: Robe              |    30 |    37 |    41 ||   108
  Dodge: Dodged            |    37 |    33 |    65 ||   135

Table legend: (Time is in decaauts)
 A = Elapsed time spent in this place.
 B = Non-inter-level travel time spent in this place.
 C = Inter-level travel time spent in this place.
 D = Time resting spent in this place.
 E = Time spent auto-exploring this place.
 F = Levels seen in this place.
 G = Mean time per level.
                   A        B        C        D        E       F      G
               +--------+--------+--------+--------+--------+-----+--------+
         Total |   5593 |   5515 |     78 |    988 |   3456 |   7 |  799.0 |
       Dungeon |   4964 |   4886 |     78 |    685 |   3309 |   6 |  827.3 |
       Ossuary |    629 |    629 |      0 |    303 |    147 |   1 |  629.0 |
               +--------+--------+--------+--------+--------+-----+--------+

Top non-repeatable levels by time:
     D:5: 939 daAuts
     D:1: 928 daAuts
     D:4: 890 daAuts
     D:3: 794 daAuts
     D:2: 759 daAuts
     D:6: 652 daAuts
 Ossuary: 629 daAuts
